 Dungeon Crawl Stone Soup version 0.28.0-45-g0d030f2227 (webtiles) character file.

Game seed: 8720499167133726943

171 pkoi the Conjurer (level 5, -1/38 HPs)
             Began as a Demigod Conjurer on Apr 7, 2022.
             Slain by Pargi (4 damage)
             ... in a sewer.
             The game lasted 00:03:32 (3025 turns).

pkoi the Conjurer (Demigod Conjurer)                Turns: 3025, Time: 00:03:33

Health: -1/38      AC:  3    Str:  8    XL:     5   Next: 5%
Magic:  3/12       EV: 12    Int: 24    God:
Gold:   55         SH:  0    Dex: 12    Spells: 3/10 levels left

rFire   . . .      SeeInvis .   c - +2 dagger (protect)
rCold   . . .      Faith    .   (no shield)
rNeg    . . .      Spirit   .   a - +0 robe
rPois   .          Reflect  .   (no helmet)
rElec   .          Harm     .   i - +0 cloak
rCorr   .          Rampage  .   (no gloves)
Will    .....                   (no boots)
Stlth   +.........              (no amulet)
HPRegen 0.12/turn               (no ring)
MPRegen 0.13/turn               (no ring)

@: very slow
A: high MP 1, forlorn, divine attributes
a: no special abilities


You were in a sewer.
You visited 1 branch of the dungeon, and saw 3 of its levels.
You also visited: Sewer.

You collected 55 gold pieces.

Inventory:

Hand Weapons
 c - a +2 dagger of protection (weapon)
Missiles
 d - 3 silver javelins
 g - 3 atropa-tipped darts
 j - 6 curare-tipped darts
Armour
 a - a +0 robe (worn)
 i - a +0 cloak (worn)
Jewellery
 h - a ring of fire
Scrolls
 b - a scroll of identify {unknown}
 e - a scroll of magic mapping {unknown}
 f - a scroll of amnesia {unknown}


   Skills:
 - Level 1.7 Dodging
 - Level 1.7 Stealth
 - Level 3.0 Spellcasting
 + Level 5.1 Conjurations
 + Level 1.1 Translocations


You had 3 spell levels left.
You knew the following spells:

 Your Spells              Type           Power      Damage    Failure   Level
a - Magic Dart            Conj           100%       1d8       1%          1
b - Searing Ray           Conj           56%        2d6       1%          2
c - Iskenderun's Mystic   Conj/Tloc      18%        2d6       30%         4

Your spell library contained the following spells:

 Spells                   Type           Power      Damage    Failure   Level
 Dazzling Flash           Conj/Hex       32%        N/A       11%         3
 Fulminant Prism          Conj/Hex       8%         3d7       36%         4


Dungeon Overview and Level Annotations

Branches:
Dungeon (3/15)              Sewer (1/1)

Shops:
D:2 [

Annotations:
Sewer Pargi


Innate Abilities, Weirdness & Mutations

You have an increased reservoir of magic. (+10% MP)
You shall have no god before yourself.
Your divine heritage dramatically boosts your attributes as you level up.


Message History

* * * LOW HITPOINT WARNING * * *
Pargi claws you.
* * * LOW HITPOINT WARNING * * *
The searing ray misses Pargi.
You finish channelling your searing ray.
Pargi bites you.
* * * LOW HITPOINT WARNING * * *
Pargi claws you.
* * * LOW HITPOINT WARNING * * *
Pargi claws you.
* * * LOW HITPOINT WARNING * * *
Casting: Searing Ray (safe; 1% risk of failure)
Confirm with . or Enter, or press ? or * to list all spells.
Aiming: Searing Ray (safe; 1% risk of failure)
Press: ? - help, Shift-Dir - straight line, f/p - Pargi
Aim: Pargi (moderately wounded, 74% to hit)
The searing ray hits Pargi.
Pargi is heavily wounded. (Press . to maintain the ray.) Pargi misses you.
Pargi claws you.
* * * LOW HITPOINT WARNING * * *
Pargi claws you.
* * * LOW HITPOINT WARNING * * *
The searing ray hits Pargi!
Pargi is severely wounded.
Pargi bites you.
* * * LOW HITPOINT WARNING * * *
Pargi misses you. Pargi completely misses you.
Unknown command.
The searing ray hits Pargi.
Pargi is severely wounded.
Pargi bites you!
* * * LOW HITPOINT WARNING * * *
Pargi closely misses you. x2
Unknown command.
The searing ray hits Pargi.
Pargi is almost dead.
You finish channelling your searing ray.
Pargi bites you.
You die...

#####≈#≈# ###≈≈#
≈#≈≈≈≈≈≈≈##≈≈≈≈≈≈#
≈≈≈≈≈≈≈≈≈≈≈≈≈≈≈≈≈≈≈
≈≈≈≈≈≈≈≈≈≈≈≈≈≈≈≈≈≈≈
≈≈≈≈≈≈≈≈≈≈≈≈≈≈≈≈≈≈≈≈≈
≈≈≈≈≈≈≈≈≈≈≈≈≈≈≈≈≈≈≈≈≈≈
≈≈≈≈≈≈≈≈≈≈≈≈≈≈≈≈≈≈≈≈≈##
≈≈≈≈≈≈T@≈≈≈≈≈≈≈≈≈≈≈≈≈≈≈#
≈≈≈≈≈≈####≈≈≈≈≈≈≈≈≈≈≈≈≈≈
≈≈≈.. ##≈≈≈≈≈≈≈≈≈≈≈≈#
≈≈≈. #≈≈≈≈≈≈≈≈≈≈≈≈≈ .≈.
##.≈≈≈≈≈≈≈≈≈≈≈ ##
###≈.≈≈≈≈≈≈≈≈
#≈≈≈≈≈≈≈≈≈≈ ###≈≈≈≈≈≈≈#
##≈≈≈≈≈≈≈


You could see Pargi.

Vanquished Creatures
  Crazy Yiuf (D:2)
  Jessica (D:2)
  6 adders
  A gnoll (D:1)
  A worm (D:2)
  A dart slug (D:1)
  2 orcs (D:2)
  2 ball pythons
  3 bats
  6 endoplasms
  3 giant cockroaches
  8 hobgoblins
  2 kobolds
  A quokka (D:2)
  5 frilled lizards
  A goblin (D:1)
  3 rats
47 creatures vanquished.

Vanquished Creatures (others)
  17 plants (D:2)
17 creatures vanquished.

Grand Total: 64 creatures vanquished

Notes
Turn   | Place    | Note
-------+----------+-------------------------------------------
     0 | D:1      | pkoi the Demigod Conjurer began the quest for the Orb.
     0 | D:1      | Reached XP level 1. HP: 14/14 MP: 5/5
   127 | D:1      | Reached XP level 2. HP: 20/20 MP: 1/8
   616 | D:1      | Learned a level 2 spell: Searing Ray
  1078 | D:2      | Reached XP level 3. HP: 26/26 MP: 7/10
  1363 | D:2      | Found Xallofiate's Antique Armour Shoppe.
  1591 | D:2      | Reached skill level 4 in Conjurations
  1698 | D:2      | Noticed Jessica
  1710 | D:2      | Killed Jessica
  1711 | D:2      | Reached XP level 4. HP: 33/33 MP: 6/11
  2210 | D:2      | Found a runed translucent door.
  2211 | D:2      | Noticed Crazy Yiuf
  2410 | D:2      | Learned a level 4 spell: Iskenderun's Mystic Blast
  2522 | D:2      | Killed Crazy Yiuf
  2523 | D:2      | Reached skill level 5 in Conjurations
  2940 | D:3      | Reached skill level 1 in Translocations
  2950 | D:3      | Found a glowing drain.
  2954 | D:3      | Reached XP level 5. HP: 38/38 MP: 8/12
  2964 | Sewer    | Entered a sewer
  3017 | Sewer    | Noticed Pargi
  3025 | Sewer    | Slain by Pargi

Illustrated notes

Levels and vault maps discovered:
D:1:      heliophobic_arrival_ceremonial_halls, layout_loops_ring
D:2:      layout_basic, serial_shops, shop, dilly_ecumenical_altar_fadedgnrine,
          uniq_crazy_yiuf_cottage, uniq_jessica
D:3:      layout_basic, mainiacjoe_overflow_alcove_4, portal_sewer_entry_d,
          uniq_natasha
Sewer:    sewer_co_pargi_island

Skill      XL: |  1  2  3  4 |
---------------+-------------+-----
Spellcasting   | 2 3 |  3.0
Conjurations   | 4 5 |  5.1
Translocations | 1 |  1.1
Dodging        | |  1.7
Stealth        | |  1.7

Action                   |  1- 3 |  4- 6 || total
-------------------------+-------+-------++-------
Melee: Dagger            |     2 |     2 ||     4
 Cast: Magic Dart        |    77 |    33 ||   110
       Searing Ray       |     2 |     9 ||    11
Armor: Robe              |     4 |     3 ||     7
Dodge: Dodged            |     4 |    10 ||    14
